 Dungeon Crawl Stone Soup version 0.26-a0-667-g92642533e4 (webtiles) character file.

Game seed: 9251541869732021136

7 jabarkas the Grasshopper (level 1, -1/18 HPs)
             Began as a Palentonga Warper on Oct 17, 2020.
             Slain by a leopard gecko (2 damage)
             ... on level 1 of the Dungeon.
             The game lasted 00:00:41 (115 turns).

jabarkas the Grasshopper (Palentonga Warper)         Turns: 115, Time: 00:00:42

Health: -1/18      AC:  4    Str: 14    XL:     1   Next: 83%
Magic:  3/3        EV:  9    Int: 13    God:
Gold:   16         SH:  0    Dex:  9    Spells: 4/4 levels left

rFire    . . .     SeeInvis +   a - +0 hand axe
rCold    . . .     Faith    .   (no shield)
rNeg     . . .     Spirit   .   b - +0 leather armour
rPois    .         Reflect  .   (no helmet)
rElec    .         Harm     .   (no cloak)
rCorr    .         Rampage  .   (no gloves)
MR       .....                  (no barding)
Stlth    +.........             (no amulet)
HPRegen  0.06/turn              (no ring)
MPRegen  0.08/turn              (no ring)

@: no status effects
A: large, rugged brown scales 3, see invisible, deformed body, roll, armoured
tail
a: Rolling Charge


You were on level 1 of the Dungeon.
You visited 1 branch of the dungeon, and saw 1 of its levels.

You collected 16 gold pieces.

Inventory:

Hand Weapons
 a - a +0 hand axe (weapon)
Missiles
 e - 5 boomerangs of dispersal (quivered)
Armour
 b - a +0 leather armour (worn)
Scrolls
 c - 2 scrolls of magic mapping {unknown}
 d - a scroll of blinking


   Skills:
 + Level 2.2 Fighting
 * Level 2.4 Axes
 - Level 0.6 Throwing
 - Level 0.7 Armour
 - Level 1.5 Dodging
 - Level 2.0 Spellcasting
   Level 3.0 Translocations


You had 4 spell levels left.
You didn't know any spells.
Your spell library contained the following spells:

 Spells                   Type           Power        Failure   Level
 Blink                    Tloc           N/A          14%         2
 Gell's Gravitas          Tloc           #.........   28%         3
 Lesser Beckoning         Tloc           #.........   28%         3
 Teleport Other           Tloc           #.......     28%         3
 Passage of Golubria      Tloc           N/A          67%         4


Dungeon Overview and Level Annotations

Branches:
Dungeon (1/15)

Altars:


Innate Abilities, Weirdness & Mutations

You are completely covered in rugged brown scales. (AC +3, +7% HP)
You have supernaturally acute eyesight. (SInv)
Armour fits poorly on your strangely shaped body.
You can roll at foes to attack.
You have a long armoured tail.


Message History

A hobgoblin comes into view.
The leopard gecko bites you.
* * * LOW HITPOINT WARNING * * *
The rat bites you but does no damage.
You barely miss the leopard gecko. You barely miss the hobgoblin.
You hit the hobgoblin.
You kill the hobgoblin!
You hit the rat.
You kill the rat!
The hobgoblin closely misses you. The leopard gecko closely misses you.
Unknown command.
You hit the leopard gecko.
The leopard gecko is almost dead.
You barely miss the hobgoblin.
The hobgoblin hits you but does no damage.
The leopard gecko bites you.
* * * LOW HITPOINT WARNING * * *
Unknown command.
The leopard gecko bites you.
You die...

#. .#.# ###.#...#
...#...#
######....g..#
.......#.#...#+###
##..... ...#......
.."....##.........
#$......lg).......
#...!..$@K........
.#...............
#####...........
#....[#.....
#...###.....
###...# ....
#....)# ...
#.....# ...
#.....#


You could see a leopard gecko, 2 hobgoblins and a kobold.

Vanquished Creatures
  2 bats (D:1)
  A giant cockroach (D:1)
  A goblin (D:1)
  A hobgoblin (D:1)
  A rat (D:1)
6 creatures vanquished.

Notes
Turn   | Place    | Note
-------+----------+-------------------------------------------
     0 | D:1      | jabarkas the Palentonga Warper began the quest for the Orb.
     0 | D:1      | Reached XP level 1. HP: 18/18 MP: 3/3
   115 | D:1      | Slain by a leopard gecko

Illustrated notes

Levels and vault maps discovered:
D:1:      dpeg_arrival_court, layout_basic, serial_bayou_pond_a

Action                   || total
-------------------------++-------
Melee: Hand axe          ||    17
       Tailslap          ||     2
 Abil: Rolling Charge    ||     3
Armor: Leather armour    ||    18
Dodge: Dodged            ||    14

Table legend: (Time is in decaauts)
 A = Elapsed time spent in this place.
 B = Non-inter-level travel time spent in this place.
 C = Inter-level travel time spent in this place.
 D = Time resting spent in this place.
 E = Time spent auto-exploring this place.
 F = Levels seen in this place.
 G = Mean time per level.
                   A        B        C        D        E       F      G
               +--------+--------+--------+--------+--------+-----+--------+
         Total |    118 |    118 |      0 |     41 |      0 |   1 |  118.0 |
       Dungeon |    118 |    118 |      0 |     41 |      0 |   1 |  118.0 |
               +--------+--------+--------+--------+--------+-----+--------+

Top non-repeatable levels by time:
     D:1: 118 daAuts
